 Dungeon Crawl Stone Soup version 0.27-a0-1374-gc14e5d3922 (webtiles) character file.

Game seed: 8662875816601990389

48 HAL9000 the Changer (level 3, -1/27 (28) HPs)
             Began as a Draconian Transmuter on June 29, 2021.
             Slain by a gnoll (12 damage)
             ... on level 2 of the Dungeon.
             The game lasted 00:03:47 (1919 turns).

HAL9000 the Changer (Draconian Transmuter)          Turns: 1919, Time: 00:03:48

HP:   -1/27 (28)    AC:  2    Str: 13    XL:     3   Next: 50%
MP:   3/6           EV: 19    Int: 13    God:
Gold: 15            SH:  0    Dex: 16    Spells: 0/6 levels left

rFire    . . .     SeeInvis .     - Unarmed
rCold    . . .     Faith    .   (shield currently unavailable)
rNeg     . . .     Spirit   .   (armour unavailable)
rPois    x         Reflect  .   (helmet currently unavailable)
rElec    .         Harm     .   (cloak currently unavailable)
rCorr    .         Rampage  .   (gloves currently unavailable)
Will     .....                  (boots currently unavailable)
Stlth    +.........             (no amulet)
HPRegen  0.09/turn              (no ring)
MPRegen  0.10/turn              (no ring)

@: spider-form, lightly drained
A: venomous fangs, AC +5, tiny, unfitting armour, (cold-blooded)
a: End Transformation


You were on level 2 of the Dungeon.
You were a venomous arachnid creature.
You visited 1 branch of the dungeon, and saw 2 of its levels.

You collected 15 gold pieces.

Inventory:

Scrolls
 a - a scroll of fog {unknown}
 b - 2 scrolls of blinking {unknown}
 d - a scroll of identify {unknown}
Potions
 e - a potion of heal wounds {unknown}
 f - a potion of might {unknown}


   Skills:
 - Level 1.1 Fighting
 - Level 1.7 Dodging
 - Level 3.0 Unarmed Combat
 - Level 2.0 Spellcasting
 + Level 4.0 Transmutations


You couldn't memorise any spells.
You knew the following spells:

 Your Spells              Type           Power      Damage    Failure   Level
a - Beastly Appendage     Tmut           22%        N/A       14%         1
b - Spider Form           Tmut/Pois      3%         N/A       54%         3
c - Wereblood             Tmut           11%        N/A       21%         2

Your spell library contained the following spells:

 Spells                   Type           Power      Damage    Failure   Level
 Confusing Touch          Hex            1%         N/A       78%         3
 Gell's Gravitas          Tloc           0%         N/A       78%         3
 Ice Form                 Ice/Tmut       6%         N/A       88%         4
 Petrify                  Tmut/Erth      6%         N/A       88%         4
 Yara's Violent Unravell  Hex/Tmut       3%         3d4       99%         5
 Metabolic Englaciation   Hex/Ice        0%         N/A       100%        5


Dungeon Overview and Level Annotations

Branches:
Dungeon (2/15)

Altars:


Innate Abilities, Weirdness & Mutations

You are a venomous arachnid creature.
You have poisonous fangs.
You are tiny and dextrous.
Your spellcasting is less reliable in this form.
Your armour is entirely melded.
You are incapable of wielding weapons or throwing items.
((Your plain brown scales are hard. (AC +5)))
You cannot fit into any form of body armour.
((You are cold-blooded and may be slowed by cold attacks.))


Message History

* * * LOW HITPOINT WARNING * * *
You barely miss the kobold. You tail-slap the kobold.
The kobold is heavily wounded.
The kobold hits you but does no damage.
You hit the kobold.
You kill the kobold!
Your Transmutations skill increases to level 4!
Things that are here:
a +0 club; a +0 club; a gnoll corpse You start resting.
A gnoll is nearby!
A gnoll is nearby!
Unknown command.
Unknown command.
Unknown command.
Unknown command.
Casting: Spider Form (extremely dangerous; 32% risk of failure)
Confirm with . or Enter, or press ? or * to list all spells.
The spell is extremely dangerous to cast (32% risk of failure)!
Continue anyway? [Y]es or [N]o only, please.
The spell is extremely dangerous to cast (32% risk of failure)!
Continue anyway?
Okay, then.
Casting: Spider Form (extremely dangerous; 32% risk of failure)
Confirm with . or Enter, or press ? or * to list all spells.
The spell is extremely dangerous to cast (32% risk of failure)!
Continue anyway? [Y]es or [N]o only, please.
The spell is extremely dangerous to cast (32% risk of failure)!
Continue anyway? [Y]es or [N]o only, please.
The spell is extremely dangerous to cast (32% risk of failure)!
Continue anyway?
Okay, then.
Unknown command.
Unknown command.
Casting: Spider Form (extremely dangerous; 32% risk of failure)
Confirm with . or Enter, or press ? or * to list all spells.
The spell is extremely dangerous to cast (32% risk of failure)!
Continue anyway?
You turn into a venomous arachnid creature.
The gnoll shouts!
Unknown command.
The gnoll hits you with a +0 halberd!
You die...

##########
#.g......#
#s######.# #)#
#.# #.# #.# #.#
####.######## #.#
#............
#.###.##.########
#.##.#.#.#
#...###..#
####.#.###


You could see a gnoll.

Vanquished Creatures
  2 gnolls
  A dart slug (D:1)
  2 endoplasms (D:1)
  4 goblins (D:1)
  5 hobgoblins (D:1)
  A kobold (D:2)
  2 quokkas (D:1)
  A ball python (D:1)
  4 frilled lizards (D:1)
  4 rats (D:1)
26 creatures vanquished.

Notes
Turn   | Place    | Note
-------+----------+-------------------------------------------
     0 | D:1      | HAL9000 the Draconian Transmuter began the quest for the
                  | Orb.
     0 | D:1      | Reached XP level 1. HP: 16/16 MP: 3/3
     2 | D:1      | Noticed a demonspawn
     4 | D:1      | Noticed a ghoul
     6 | D:1      | Noticed a palentonga
     6 | D:1      | Noticed a formicid
     8 | D:1      | Noticed a minotaur
     8 | D:1      | Noticed a demigod
    10 | D:1      | Noticed a dwarf
    10 | D:1      | Noticed a naga
    12 | D:1      | Noticed a vampire
    14 | D:1      | Noticed an octopode
    14 | D:1      | Noticed a draconian
    16 | D:1      | Noticed a gargoyle
    16 | D:1      | Noticed a spriggan
    18 | D:1      | Noticed an ogre
    18 | D:1      | Noticed a human
    20 | D:1      | Noticed a felid
    20 | D:1      | Noticed a tengu
    22 | D:1      | Noticed a vine stalker
    22 | D:1      | Noticed a merfolk
    24 | D:1      | Noticed a barachi
    24 | D:1      | Noticed a djinni
    26 | D:1      | Noticed an elf
    26 | D:1      | Noticed a troll
   101 | D:1      | Found a faded altar of an unknown god.
   281 | D:1      | Reached XP level 2. HP: 17/23 MP: 3/5
   516 | D:1      | Reached skill level 3 in Transmutations
  1455 | D:2      | HP: 1/20 [gnoll (5)]
  1491 | D:1      | Reached XP level 3. HP: 6/26 MP: 6/6
  1835 | D:1      | Learned a level 3 spell: Spider Form
  1838 | D:1      | Learned a level 2 spell: Wereblood
  1882 | D:2      | Reached skill level 4 in Transmutations
  1919 | D:2      | Slain by a gnoll

Illustrated notes

Levels and vault maps discovered:
D:1:      kb_arrival_jail, layout_loops_corners,
          shapermc_ecumenical_altar_totnotflames
D:2:      layout_loops_ring, chequers_mini_garden

Skill      XL: |  1  2  3 |
---------------+----------+-----
Transmutations | 3 4 |  4.0
Fighting       | |  1.1
Dodging        | |  1.7
Unarmed Combat | |  3.0
Spellcasting   | |  2.0

Action                   || total
-------------------------++-------
Melee: Unarmed           ||    83
       Kick              ||     9
       Tailslap          ||     9
       Headbutt          ||     6
       Punch             ||     1
 Cast: Beastly Appendage ||    16
       Spider Form       ||     1
  Use: Potion            ||     1
 Stab: Sleeping          ||     1
Armor: Skin              ||    15
Dodge: Dodged            ||    49

Table legend: (Time is in decaauts)
 A = Elapsed time spent in this place.
 B = Non-inter-level travel time spent in this place.
 C = Inter-level travel time spent in this place.
 D = Time resting spent in this place.
 E = Time spent auto-exploring this place.
 F = Levels seen in this place.
 G = Mean time per level.
                   A        B        C        D        E       F      G
               +--------+--------+--------+--------+--------+-----+--------+
         Total |   1918 |   1809 |    109 |    376 |   1209 |   2 |  959.0 |
       Dungeon |   1918 |   1809 |    109 |    376 |   1209 |   2 |  959.0 |
               +--------+--------+--------+--------+--------+-----+--------+

Top non-repeatable levels by time:
     D:1: 1826 daAuts
     D:2: 92 daAuts
